AoeStats
← JulBurn

Four Lakes

508836844Analyzed
1v1 RM · 7d ago on Sep 24, 2026· 54m 4s· 2 players
Game mode
Random Map
Map size
Tiny (2 player)
Population
200
Speed
Normal
Resources
Standard
Victory
Conquest
Starting age
Dark Age
Ending age
Imperial Age
RankedLock teamsTeams togetherTeam positionsShared explorationLock speedFull tech treeHidden civsTurbo modeCheats
Victory
Defeat
🇵🇱 Danes · Poland
745
+16
🇪🇸 Byzantines · Spain
740
-16
el_fercho143
13:19 Feudal Age
13:45 Loom
19:59 Fishing Lines
21:21 Double-Bit Axe
25:07 Castle Age
23:38 Fletching
25:45 Padded Archer Armor
25:10 Crossbowman
25:14 Elite Skirmisher
29:10 Wheelbarrow
31:18 Bodkin Arrow
33:16 Gillnets
34:26 Bow Saw
35:07 Forging
35:14 Leather Archer Armor
35:02 Scale Mail Armor
36:48 Squires
36:33 Gambesons
36:57 Thumb Ring
38:45 Ballistics
44:22 Imperial Age
43:13 Iron Casting
42:49 Light Cavalry
43:30 Husbandry
46:03 Chemistry
45:20 Arbalester
46:49 Bracer
JulBurn
7:46 Loom
10:18 Feudal Age
10:44 Man-at-Arms
11:31 Double-Bit Axe
12:41 Arson
20:55 Castle Age
19:59 Horse Collar
23:06 Scale Mail Armor
23:04 Gambesons
24:18 Elite Skirmisher
25:16 Forging
26:44 Wheelbarrow
30:14 Hand Cart
30:10 Bow Saw
31:49 Chain Mail Armor
31:34 Gold Mining
31:15 Hamask
33:37 Iron Casting
32:55 Town Watch
34:00 Squires
33:57 Fletching
34:57 Gold Shaft Mining
40:07 Imperial Age
38:36 Fishing Lines
40:07 Heavy Plow
40:25 Crossbowman
40:58 Onager
42:50 Conscription
43:07 Stone Mining
43:35 Northmen's Fury
47:07 Blast Furnace
46:45 Elite Varangian Guard
49:46 Elite Jomsviking
51:42 Plate Mail Armor
51:42 Capped Ram
Connection lost

Rejoining the realm…

Still unreachable

The connection could not be restored.

Session expired

The server has moved on; the page needs a fresh start.